 Dungeon Crawl Stone Soup version 0.27.1-3-gb3d3a73c9e (webtiles) character file.

Game seed: 13173895505430496434

265 omarspendo the Chopper (level 6, 0/53 HPs)
             Began as a Hill Orc Fighter on Oct 19, 2021.
             Succumbed to a water moccasin's poison
             ... on level 3 of the Dungeon.
             The game lasted 00:24:27 (6557 turns).

omarspendo the Chopper (Hill Orc Fighter)           Turns: 6557, Time: 00:24:27

Health: 0/53       AC:  9    Str: 20    XL:     6   Next: 20%
Magic:  6/6        EV:  5    Int:  8    God:
Gold:   71         SH:  9    Dex: 11    Spells: 5/5 levels left

rFire    . . .     SeeInvis .   a - +0 war axe
rCold    . . .     Faith    .   c - +0 kite shield
rNeg     . . .     Spirit   .   F - +0 chain mail
rPois    .         Reflect  .   (no helmet)
rElec    .         Harm     .   (no cloak)
rCorr    .         Rampage  .   (no gloves)
Will     .....                  (no boots)
Stlth    ..........             (no amulet)
HPRegen  0.17/turn              (no ring)
MPRegen  0.10/turn              (no ring)

@: lethally poisoned (0 -> -8)
A: no striking features
a: no special abilities


You were on level 3 of the Dungeon.
You visited 1 branch of the dungeon, and saw 3 of its levels.

You collected 71 gold pieces.

Inventory:

Hand Weapons
 a - a +0 war axe (weapon)
 e - a +0 dagger
 g - a +0 club
 h - a +0 club
 k - a +0 dagger
 l - a +0 short sword
 m - a +0 whip
 n - a +0 short sword
 o - a +0 whip
 q - a +0 whip
 r - a +0 vampiric dagger
 s - a +0 dagger
 t - a +0 dagger
 u - a +0 short sword
 v - a +0 dagger
 w - a +0 hunting sling
 y - a +0 hand crossbow
 z - a +0 trident
 A - a +0 flail
 B - a +0 whip
 C - a +0 dagger
 D - a +0 hand axe
 E - a +0 club
 H - a +0 short sword
 M - a +0 dagger
Missiles
 j - 65 stones (quivered)
 p - 44 sling bullets
 G - 21 bolts
 N - 12 poisoned darts
Armour
 b - a +0 scale mail
 c - a +0 kite shield (worn)
 f - a +0 ring mail
 F - a +0 chain mail (worn)
 I - a +0 robe
 L - a +0 cloak
Jewellery
 i - a ring of wizardry
Scrolls
 J - a scroll of magic mapping {unknown}
Potions
 d - a potion of might
 x - a potion of invisibility
 K - a potion of heal wounds {unknown}


   Skills:
 + Level 4.4 Fighting
 + Level 5.4 Axes
 + Level 4.8 Armour
 + Level 0.4 Dodging
 + Level 0.4 Stealth
 + Level 4.1 Shields


You had 5 spell levels left.
You didn't know any spells.
Your spell library contained the following spells:

 Spells                   Type           Power      Damage    Failure   Level
 Foxfire                  Conj/Fire      0%         2x1d4     100%        1
 Conjure Flame            Conj/Fire      0%         6-21      100%        3
 Inner Flame              Hex/Fire       0%         N/A       100%        3
 Stone Arrow              Conj/Erth      0%         3d7       100%        3
 Bolt of Magma            Conj/Fire/Erth 0%         4d4       100%        5
 Shatter                  Erth           0%         3d5*      100%        9


Dungeon Overview and Level Annotations

Branches:
Dungeon (3/15)

Altars:


Message History

The water moccasin bites you but does no damage.
You closely miss the water moccasin.
The water moccasin is heavily wounded.
You feel very sick. The water moccasin bites you.
You are more poisoned.
The water moccasin poisons you!
The water moccasin completely misses you.
You hit the water moccasin.
The water moccasin is heavily wounded.
You feel very sick. The water moccasin closely misses you.
The water moccasin bites you.
You hit the water moccasin.
The water moccasin is severely wounded.
You feel very sick. The water moccasin bites you.
You are lethally poisoned!
The water moccasin poisons you!
The water moccasin bites you but does no damage.
You closely miss the water moccasin.
The water moccasin is severely wounded.
* * * LOW HITPOINT WARNING * * *
You feel extremely sick.
The water moccasin bites you but does no damage. x2
Unknown command.
You closely miss the water moccasin.
The water moccasin is severely wounded.
* * * LOW HITPOINT WARNING * * *
You feel very sick.
The water moccasin bites you but does no damage.
You block the water moccasin's attack.
You barely miss the water moccasin.
The water moccasin is severely wounded.
* * * LOW HITPOINT WARNING * * *
You feel very sick. You block the water moccasin's attack.
The water moccasin bites you but does no damage.
You slash the water moccasin!
The water moccasin is almost dead.
You die...

. .# #. . .#
###.# #@S.# #.###
#.# #.# #.# ###
#.# #.# #.# #.#
#.######.# ###
########....##.##


You could see a water moccasin.

Vanquished Creatures
  Grinder (D:3)
  An adder (D:2)
  2 worms
  5 dart slugs
  4 ball pythons
  3 bats
  6 endoplasms
  A giant cockroach (D:1)
  A hobgoblin (D:1)
  5 jackals
  A quokka (D:2)
  2 frilled lizards
  4 goblins
  9 kobolds
  3 rats (D:2)
48 creatures vanquished.

Notes
Turn   | Place    | Note
-------+----------+-------------------------------------------
     0 | D:1      | omarspendo the Hill Orc Fighter began the quest for the
                  | Orb.
     0 | D:1      | Reached XP level 1. HP: 19/19 MP: 1/1
    99 | D:1      | Reached XP level 2. HP: 23/27 MP: 2/2
  1521 | D:1      | Reached skill level 3 in Axes
  2114 | D:2      | Reached XP level 3. HP: 32/33 MP: 3/3
  2887 | D:3      | Found a faded altar of an unknown god.
  3898 | D:3      | Reached XP level 4. HP: 33/40 MP: 4/4
  6302 | D:3      | Noticed Grinder
  6318 | D:3      | Killed Grinder
  6319 | D:3      | Reached skill level 5 in Axes
  6319 | D:3      | Reached XP level 5. HP: 25/47 MP: 5/5
  6319 | D:3      | Reached XP level 6. HP: 28/53 MP: 6/6
  6546 | D:3      | Noticed a water moccasin
  6557 | D:3      | Succumbed to a water moccasin's poison

Illustrated notes

Levels and vault maps discovered:
D:1:      evilmike_arrival_fibonacci_small, layout_basic
D:2:      layout_loops_corners, minmay_tripent
D:3:      layout_loops_cross, basic_ecumenical_altar, uniq_crazy_yiuf_cottage,
          uniq_grinder

Skill      XL: |  1  2  3  4 |
---------------+-------------+-----
Axes           | 3 5 |  5.4
Fighting       | 4 |  4.4
Armour         | 4 |  4.8
Shields        | 4 |  4.1
Dodging        | |  0.4
Stealth        | |  0.4

Action                   |  1- 3 |  4- 6 || total
-------------------------+-------+-------++-------
Melee: War axe           |    88 |    61 ||   149
  Use: Scroll            |     1 |       ||     1
       Potion            |     1 |       ||     1
Armor: Scale mail        |    31 |       ||    31
       Chain mail        |     5 |    43 ||    48
Dodge: Dodged            |    19 |    17 ||    36
Block: Kite shield       |    64 |    32 ||    96
